 Dungeon Crawl Stone Soup version 0.30.0-29-ga12c61a403 (webtiles) character file.

Game seed: 3041685076233939603

400 olmar the Cudgeller (level 6, -13/32 HPs)
             Began as a Vine Stalker Fighter on June 8, 2023.
             Mangled by an ogre
             ... wielding a +0 giant club
              (15 damage)
             ... on level 6 of the Dungeon.
             The game lasted 00:02:39 (2020 turns).

olmar the Cudgeller (Vine Stalker Fighter)          Turns: 2020, Time: 00:02:39

Health: -13/32     AC:  7    Str: 21    XL:     6   Next: 84%
Magic:  0/7        EV:  9    Int:  8    God:
Gold:   139        SH:  5    Dex: 13    Spells: 5/5 levels left

rFire   . . .        a - +0 flail
rCold   . . .        c - +0 buckler
rNeg    . . .        b - +0 scale mail
rPois   .            (no helmet)
rElec   .            (no cloak)
rCorr   .            (no gloves)
SInv    .            (no boots)
Will    .....        (no amulet) Stlth
                     (no ring)
HPRegen 1.05/turn    (no ring)
MPRegen 0.10/turn

%: guardian spirit
@: invisible
A: fangs 2, regeneration 1, magic shield, antimagic bite, no potion heal 2
a: no special abilities


You were on level 6 of the Dungeon.
You visited 1 branch of the dungeon, and saw 4 of its levels.

You collected 139 gold pieces.

Inventory:

Hand Weapons
 a - a +0 flail (weapon)
Missiles
 m - 4 poisoned darts (quivered)
 n - 6 boomerangs of dispersal
Armour
 b - a +0 scale mail (worn)
 c - a +0 buckler (worn)
Jewellery
 k - a ring of ice
Scrolls
 d - a scroll of teleportation
 g - 4 scrolls of enchant armour
Potions
 e - 3 potions of heal wounds
 f - a potion of curing
 h - a potion of magic
 j - a potion of berserk rage {unknown}
 l - a potion of brilliance {unknown}


   Skills:
 + Level 3.6 Fighting
 + Level 4.2 Maces & Flails
 + Level 3.9 Armour
 + Level 0.4 Stealth
 + Level 3.5 Shields


You had 5 spell levels left.
You didn't know any spells.
Your spell library contained the following spells:

 Spells                   Type           Power      Damage    Failure   Level
 Freeze                   Ice            0%         1d3       82%         1
 Frozen Ramparts          Ice            0%         1d1       99%         3
 Hailstorm                Conj/Ice       0%         3d3       99%         3


Dungeon Overview and Level Annotations

Branches:
Dungeon (3/15)

Altars:

Shops:
D:2 =

Annotations:
D:6 Eustachio


Innate Abilities, Weirdness & Mutations

You have extremely sharp teeth.
Your natural rate of healing is unusually fast.
When hurt, damage is shared between your health and your magic reserves.
Your bite disrupts and absorbs the magic of your enemies.
Potions cannot restore your health.


Message History

You aren't carrying any items that you can evoke.
Throw: 5 darts (poison)
Press: ? - help, Q - select action, (/) - cycle Shift-Dir - straight line, f - Eustachio
Aim: Eustachio, wielding a +0 rapier and wearing a +1 leather armour of cold resistance (46% to hit)
You throw a poisoned dart. The poisoned dart hits Eustachio.
Unknown command.
You hit Eustachio.
Eustachio is lightly wounded.
Eustachio hits you with a +0 rapier.
You sock Eustachio!
Eustachio is moderately wounded.
Eustachio gestures wildly while chanting.
An ogre comes into view. It is wielding a +0 giant club.
Eustachio hits you with a +0 rapier.
You miss Eustachio. Your bite misses Eustachio.
Eustachio is moderately wounded.
Eustachio hits you with a +0 rapier!
Unknown command.
You sock Eustachio! You bite Eustachio.
Eustachio's magic leaks into the air.
You drain his magic.
You feel invigorated.
Eustachio is severely wounded.
The rat barely misses you. You block Eustachio's attack.
You sock Eustachio! You bite Eustachio, but do no damage.
Eustachio is almost dead.
The rat closely misses you. Eustachio hits you but does no damage.
The ogre hits you with a +0 giant club!
Unknown command.
You closely miss Eustachio.
Eustachio is almost dead.
The rat bites you but does no damage.
Eustachio falters for a moment.
The ogre hits you with a +0 giant club!!
Ouch! That really hurt!
* * * LOW HITPOINT WARNING * * *
The rat barely misses you.
Eustachio growls, "To hell with you, honourless miscreant!"
Eustachio hits you but does no damage.
Okay, then.
You fade into invisibility!
The rat bites you but does no damage. The ogre hits you with a +0 giant club!
You die...

/..# ..>........#
#..# ##.#.......#
#..# #.......## #..#
#..[........
###..######.........
....##...#......>..
#..##.#.#.........
##..##.#.########..
#:@....#....#####..
#r@O#######........
#.(... #....######.
#.#.##.#.#..# #.
...... # #..######.
###.#.## #.........
#!#.# #.########
....# #.# #.#


You could see Eustachio (unable to see you, magic disrupted), an ogre (unable to
see you) and a rat (summoned, unable to see you).

Vanquished Creatures
  Sigmund (D:2)
  A black bear (D:6)
  A scorpion (D:6)
  3 adders
  2 worms (D:2)
  A dart slug (D:1)
  7 bats
  7 endoplasms
  3 giant cockroaches
  7 goblins
  4 hobgoblins
  7 kobolds
  2 quokkas (D:2)
  6 ball pythons
  7 frilled lizards
  5 rats
64 creatures vanquished.

Notes
Turn   | Place    | Note
-------+----------+-------------------------------------------
     0 | D:1      | olmar the Vine Stalker Fighter began the quest for the Orb.
     0 | D:1      | Reached XP level 1. HP: 11/11 MP: 2/2
    61 | D:1      | Reached XP level 2. HP: 16/16 MP: 3/3
   231 | D:1      | Reached skill level 2 in Maces & Flails
   408 | D:1      | Reached XP level 3. HP: 19/19 MP: 2/4
  1080 | D:2      | Gained mutation: Your natural rate of healing is unusually
                  | fast. [Vine Stalker growth]
  1080 | D:2      | Reached XP level 4. HP: 23/24 MP: 5/5
  1346 | D:2      | Noticed Sigmund
  1359 | D:2      | HP: 1/24 [something (10)]
  1360 | D:2      | Killed Sigmund
  1361 | D:2      | Reached skill level 3 in Maces & Flails
  1361 | D:2      | Reached XP level 5. HP: 2/28 MP: 1/6
  1361 | D:2      | Reached XP level 6. HP: 3/32 MP: 1/7
  1582 | D:2      | Found Roapuadgh's Jewellery Boutique.
  1800 | D:3      | You fall into a shaft and drop 3 floors!
  1816 | D:6      | Noticed a black bear
  1826 | D:6      | Killed a black bear
  1827 | D:6      | Reached skill level 4 in Maces & Flails
  2010 | D:6      | Noticed Eustachio
  2019 | D:6      | HP: 1/32 [ogre/+0 giant club (16)]
  2020 | D:6      | Mangled by an ogre

Illustrated notes

Levels and vault maps discovered:
D:1:      giann_horns, layout_basic
D:2:      layout_basic, serial_shops, shop, minmay_joined_circles, uniq_sigmund
D:3:      layout_basic, ebering_ecumenical_altar_box, small_statue_intersection
D:6:      layout_loops_ring, serial_shops, shop, enter_ossuary_3,
          minmay_fractal_squares_gapless_5, uniq_eustachio

Skill      XL: |  1  2  3  4  5  6 |
---------------+-------------------+-----
Maces & Flails | 2 3 4 |  4.2
Shields        | 3 |  3.5
Fighting       | 3 |  3.6
Armour         | 3 |  3.9
Stealth        | |  0.4

Action                     |  1- 3 |  4- 6 || total
---------------------------+-------+-------++-------
  Melee: Flail             |   106 |    87 ||   193
         Bite              |    21 |    19 ||    40
  Throw: Dart              |       |     2 ||     2
    Use: Scroll            |     1 |     5 ||     6
         Potion            |       |     2 ||     2
 Armour: Scale mail        |    41 |    35 ||    76
  Dodge: Dodged            |    52 |    43 ||    95
  Block: Buckler           |    26 |    24 ||    50
